 Dungeon Crawl Stone Soup version 0.28-a0-1184-g53156a8862 (webtiles) character file.

Game seed: 6674970795488737654

2367 browni3141 the Carver (level 9, -2/61 (64) HPs)
             Began as a Formicid Fighter on Dec 18, 2021.
             Was an Initiate of Gozag.
             Slain by a wight (3 damage)
             ... on level 6 of the Dungeon.
             The game lasted 00:11:04 (7242 turns).

browni3141 the Carver (Formicid Fighter)            Turns: 7242, Time: 00:11:04

HP:   -2/61 (64)    AC:  9    Str: 29    XL:     9   Next: 72%
MP:   9/9           EV:  8    Int:  8    God:    Gozag
Gold: 256           SH:  4    Dex: 12    Spells: 8/8 levels left

rFire   + . .      SeeInvis +   y - +7 long sword of Porph {venom, Str+4 Dex+2}
rCold   + . .      Faith    .   c - +0 buckler
rNeg    . . .      Spirit   .   q - +0 chain mail
rPois   .          Reflect  .   (helmet unavailable)
rElec   .          Harm     .   z - scarf {rC+ rF+}
rCorr   .          Rampage  .   (no gloves)
Will    .....                   (no boots)
Stlth   ..........              (no amulet)
HPRegen 0.20/turn               (no ring)
MPRegen 0.11/turn               (no ring)

@: mighty, gold aura, lightly drained
A: permanent stasis, dig shafts and tunnels, antennae 3, four strong arms
a: Dig, Shaft Self, Renounce Religion, Potion Petition, Call Merchant, Bribe
Branch


You were on level 6 of the Dungeon.
You worshipped Gozag.
Gozag was aware of your devotion.
You visited 2 branches of the dungeon, and saw 7 of its levels.

You collected 370 gold pieces.
You spent 42 gold pieces at shops.
You paid 72 gold pieces to Gozag.

Inventory:

Hand Weapons
 a - a +0 flail
 y - the +7 long sword of Porph (weapon) {venom, Str+4 Dex+2}
   (You found it on level 4 of the Dungeon)

   It poisons the flesh of those it strikes.
   Str:       It affects your strength (+4).
   Dex:       It affects your dexterity (+2).
Missiles
 f - 53 poisoned darts (quivered)
 o - 45 bolts
Armour
 b - a +0 scale mail
 c - a +0 buckler (worn)
 q - a +0 chain mail (worn)
 w - a +2 cloak
 z - a scarf of resistance (worn)
Jewellery
 l - an amulet of magic regeneration
 m - an amulet of the acrobat
Wands
 r - a wand of iceblast (9)
 F - a wand of flame (18)
Scrolls
 e - 2 scrolls of blinking {unknown}
 i - a scroll of teleportation {unknown}
 k - 2 scrolls of identify {unknown}
 n - 2 scrolls of enchant weapon {unknown}
 s - a scroll of enchant armour {unknown}
 t - 2 scrolls of magic mapping {unknown}
 u - 2 scrolls of immolation {unknown}
 A - a scroll of noise
 B - a scroll of fog
 C - a scroll of fear {unknown}
 D - a scroll of holy word {unknown}
Potions
 g - a potion of heal wounds {unknown}
 h - 2 potions of brilliance {unknown}
 j - a potion of mutation {unknown}
 p - 2 potions of resistance {unknown}
 v - a potion of curing {unknown}
 x - a potion of haste {unknown}
 E - a potion of invisibility {unknown}


   Skills:
 - Level 3.2 Fighting
 * Level 9.7 Long Blades
 - Level 7.9 Maces & Flails
 - Level 3.2 Armour
 - Level 3.6 Shields


You had 8 spell levels left.
You didn't know any spells.
Your spell library contained the following spells:

 Spells                   Type           Power      Damage    Failure   Level
 Tukima's Dance           Hex            0%         N/A       100%        3
 Passage of Golubria      Tloc           0%         N/A       100%        4
 Yara's Violent Unravell  Hex/Tmut       0%         3d3       100%        5


Dungeon Overview and Level Annotations

Branches:
Dungeon (6/15)             Temple (1/1) D:5

Altars:
Cheibriados
Dithmenos
Fedhas
Gozag
Hepliaklqana
Kikubaaqudgha
Makhleb
Nemelex Xobeh
Okawaru
Qazlal
Ru
Sif Muna
Uskayaw
Vehumet
Wu Jian
Xom
Yredelemnul
Zin
The Shining One

Shops:
D:1 [   D:5 ?


Innate Abilities, Weirdness & Mutations

You cannot be hasted, slowed, berserked, paralysed or teleported.
You can dig through walls and to a lower floor.
You have a pair of large antennae on your head. (SInv)
Your four strong arms can wield two-handed weapons with a shield.


Message History

The wight is lightly damaged.
You feel sick.
The wight hits you with a +0 dagger of venom.
You hit the wight.
The wight is heavily damaged.
You feel sick.
You hit the wight.
The wight is severely damaged.
You feel sick.
The wight hits you with a +0 dagger of venom.
* * * LOW HITPOINT WARNING * * *
You closely miss the wight.
The wight is severely damaged.
You feel sick. The wight hits you but does no damage.
You slice the wight!!
You destroy the wight!
You feel sick.
You closely miss the wight.
You feel sick. You block the wight's attack.
You hit the wight.
The wight is moderately damaged.
You feel sick. The wight closely misses you.
You slash the wight!
The wight is severely damaged.
You feel sick. The wight hits you with a +1 halberd.
* * * LOW HITPOINT WARNING * * *
You feel drained.
* * * LOW HITPOINT WARNING * * *
You slash the wight!
You destroy the wight!
You extend your mandibles.
You dig through the rock wall.
You feel sick.
You are no longer poisoned.
The wight hits you from afar with a +1 spear.
* * * LOW HITPOINT WARNING * * *
You feel drained.
* * * LOW HITPOINT WARNING * * *
You dig through the rock wall.
The wight hits you from afar with a +1 spear.
You die...
Your body crumbles into a pile of gold.

###### #....#### ###
#......8####z##
########.......#@.z#.#######
.............^#######z.....#
..........###.....###......#
..........#.'..._.##..z....#
..........###.....#.#.z....#
..#####+#...(.######)#'#####
..##....#......######...#
........#.....8#....#...#
........#...........#...#


You could see 2 wights.

Vanquished Creatures
  A human (D:6)
  6 yaks (D:5)
  A black bear (D:4)
  An ice beast (D:6)
  2 necrophages
  An ogre (D:4)
  A centaur (D:5)
  A phantom (D:4)
  A bullfrog (D:6)
  3 scorpions
  A water moccasin skeleton (D:5)
  2 wights (D:6)
  A crimson imp (D:3)
  3 hounds
  An orc priest (D:6)
  A bullfrog skeleton (D:6)
  An orc wizard (D:6)
  8 gnolls
  4 adders
  A white imp (D:6)
  3 worms
  A dart slug (D:2)
  15 orcs
  9 endoplasms
  2 giant cockroaches
  4 goblins
  8 hobgoblins
  6 quokkas
  10 ball pythons
  A bat (D:2)
  A goblin skeleton (D:3)
  A goblin zombie (D:3)
  2 hobgoblin zombies (D:3)
  A jackal skeleton (D:6)
  7 kobolds
  2 kobold skeletons (D:3)
  2 orc zombies (D:3)
  5 rats
121 creatures vanquished.

Notes
Turn   | Place    | Note
-------+----------+-------------------------------------------
     0 | D:1      | browni3141 the Formicid Fighter began the quest for the
                  | Orb.
     0 | D:1      | Reached XP level 1. HP: 18/18 MP: 1/1
   326 | D:1      | You fall into a shaft and drop 1 floor!
   336 | D:1      | Reached XP level 2. HP: 20/24 MP: 2/2
   379 | D:1      | Found Qipuha's Antique Armour Shop.
   957 | D:1      | Reached XP level 3. HP: 28/29 MP: 3/3
  1561 | D:2      | Found a faded altar of an unknown god.
  1600 | D:2      | Reached XP level 4. HP: 20/35 MP: 4/4
  2353 | D:3      | Found a sacrificial altar of Ru.
  2610 | D:3      | Reached XP level 5. HP: 32/41 MP: 5/5
  2711 | D:3      | Reached skill level 5 in Maces & Flails
  3286 | D:3      | Noticed a necrophage
  3302 | D:3      | Killed a necrophage
  3303 | D:3      | Reached XP level 6. HP: 37/47 MP: 6/6
  3383 | D:3      | Found a sparkling altar of Nemelex Xobeh.
  3594 | D:3      | Found a glowing golden altar of the Shining One.
  4351 | D:4      | Noticed an ogre
  4356 | D:4      | Killed an ogre
  4357 | D:4      | Reached XP level 7. HP: 47/52 MP: 7/7
  4816 | D:4      | Identified the +7 long sword of Porph {venom, Str+4 Dex+2}
  4942 | D:4      | Reached skill level 1 in Long Blades
  5052 | D:4      | Reached skill level 2 in Long Blades
  5245 | D:5      | Entered Level 5 of the Dungeon
  5342 | D:5      | Found a staircase to the Ecumenical Temple.
  5423 | D:5      | Found a glowing silver altar of Zin.
  5434 | D:5      | Found a radiant altar of Vehumet.
  5459 | D:5      | Found Vuhusag's Magic Scroll Emporium.
  5481 | D:5      | Bought a scroll of noise for 14 gold pieces
  5481 | D:5      | Bought a scroll of fog for 28 gold pieces
  5594 | D:5      | Noticed a yak
  5594 | D:5      | Noticed a yak
  5602 | D:5      | Noticed a yak
  5604 | D:5      | Noticed a yak
  5606 | D:5      | Killed a yak
  5607 | D:5      | Reached skill level 3 in Long Blades
  5607 | D:5      | Reached XP level 8. HP: 50/58 MP: 8/8
  5607 | D:5      | Noticed a yak
  5609 | D:5      | Noticed a yak
  5613 | D:5      | Killed a yak
  5614 | D:5      | Reached skill level 4 in Long Blades
  5616 | D:5      | Killed a yak
  5617 | D:5      | Reached skill level 5 in Long Blades
  5619 | D:5      | Killed a yak
  5620 | D:5      | Reached skill level 6 in Long Blades
  5624 | D:5      | Killed a yak
  5758 | D:5      | Killed a yak
  5759 | D:5      | Reached skill level 7 in Long Blades
  5759 | D:5      | Reached XP level 9. HP: 38/64 MP: 9/9
  6197 | D:5      | Reached skill level 8 in Long Blades
  6423 | Temple   | Entered the Ecumenical Temple
  6692 | Temple   | Became a worshipper of Gozag Ym Sagoz the Greedy
  6809 | D:6      | Reached skill level 9 in Long Blades
  6903 | D:6      | Found a runed translucent door.
  6907 | D:6      | Found a basalt altar of Yredelemnul.
  7241 | D:6      | HP: 2/62 [wight (4)]
  7242 | D:6      | Slain by a wight

Illustrated notes

Levels and vault maps discovered:
D:1:      dpeg_arrival_arbitrary_b, layout_basic, serial_shops, shop
D:2:      layout_rooms, shapermc_ecumenical_altar_starsandcircs,
          minmay_circled_x
D:3:      layout_loops_ring, nicolae_tso_besieged_by_evil,
          mainiacjoe_overflow_paths, overflow_temple_1_default
D:4:      layout_loops_ring
D:5:      layout_loops_cross, amethyst_overflow_temple_binary,
          minmay_temple_entry_statues, serial_shops, shop_statue,
          minmay_misc_feat_secret_circle, minmay_misc_feat_rows
D:6:      layout_gridville, dk_yredelemnul_ordeal, minmay_starry_boxes,
          uniq_menkaure
Temple:   oiseaux_autumnal_temple

Skill      XL: |  1  2  3  4  5  6  7  8  9 |
---------------+----------------------------+-----
Maces & Flails | 3 4 5 7 |  7.9
Long Blades    | 3 7 9 |  9.7
Fighting       | |  3.2
Armour         | |  3.2
Shields        | |  3.6

Action                   |  1- 3 |  4- 6 |  7- 9 || total
-------------------------+-------+-------+-------++-------
Melee: Flail             |    94 |   131 |    47 ||   272
       Long sword        |       |       |   104 ||   104
Throw: Dart              |     8 |    37 |     9 ||    54
 Abil: Dig               |       |       |     5 ||     5
  Use: Potion            |       |       |     1 ||     1
 Stab: Distracted        |       |       |     1 ||     1
Armor: Scale mail        |    25 |     8 |       ||    33
       Chain mail        |       |    44 |    65 ||   109
Dodge: Dodged            |    38 |    41 |    53 ||   132
Block: Buckler           |    24 |    19 |    27 ||    70

Table legend: (Time is in decaauts)
 A = Elapsed time spent in this place.
 B = Non-inter-level travel time spent in this place.
 C = Inter-level travel time spent in this place.
 D = Time resting spent in this place.
 E = Time spent auto-exploring this place.
 F = Levels seen in this place.
 G = Mean time per level.
                   A        B        C        D        E       F      G
               +--------+--------+--------+--------+--------+-----+--------+
         Total |   7304 |   7028 |    276 |    622 |   5099 |   7 | 1043.4 |
       Dungeon |   6995 |   6788 |    207 |    622 |   4875 |   6 | 1165.8 |
        Temple |    308 |    239 |     69 |      0 |    224 |   1 |  308.0 |
               +--------+--------+--------+--------+--------+-----+--------+

Top non-repeatable levels by time:
     D:2: 1768 daAuts
     D:3: 1353 daAuts
     D:1: 1229 daAuts
     D:5: 1191 daAuts
     D:4: 948 daAuts
     D:6: 505 daAuts
  Temple: 308 daAuts
